 Dungeon Crawl Stone Soup version 0.25.0-46-gbd7b0854d2 (webtiles) character file.

Game seed: 9700581655275353820

3024 Elvor the Fighter (level 9, -15/66 HPs)
             Began as a Minotaur Hunter on July 13, 2020.
             Was an Elder of Okawaru.
             Demolished by a large abomination (21 damage)
             ... on level 2 of the Abyss.
             The game lasted 01:13:46 (6278 turns).

Elvor the Fighter (Minotaur Hunter)                 Turns: 6278, Time: 01:13:47

Health: -15/66     AC: 24    Str: 17    XL:     9   Next: 55%
Magic:  10/10      EV:  3    Int:  8    God:    Okawaru [****..]
Gold:   421        SH:  7    Dex: 10    Spells: 8/8 levels left

rFire    x . .     SeeInvis .   t - +1 long sword (protect)
rCold    + . .     Gourm    .   J - +0 kite shield
rNeg     . . .     Faith    .   k - +0 plate armour
rPois    .         Spirit   .   (helmet restricted)
rElec    .         Reflect  .   C - +2 cloak {MR+}
rCorr    .         Harm     .   m - +0 pair of gloves
MR       +....                  (no boots)
Stlth    ..........             (no amulet)
HPRegen  0.21/turn              y - ring of ice
MPRegen  0.12/turn              (no ring)

@: about to teleport, protection aura
A: retaliatory headbutt, horns 2, clumsy 1, [frail 2], weak 1
a: Heroism, Renounce Religion


You were on level 2 of the Abyss.
You worshipped Okawaru.
Okawaru was greatly pleased with you.
You were not hungry.

You visited 2 branches of the dungeon, and saw 8 of its levels.
You visited the Abyss 1 time.

You collected 421 gold pieces.

Inventory:

Hand Weapons
 a - a +1 hand crossbow
 g - the +5 hunting sling "Eviscerator" {vorpal, rElec rN+ Str+2 Int+4, unknown}
   (You found it on level 6 of the Dungeon)

   Any stone fired from it inflicts extra damage.
   It affects your strength (+2).
   It affects your intelligence (+4).
   It insulates you from electricity.
   It protects you from negative energy.
 n - a +2 short sword of holy wrath
 q - a +0 war axe
 t - a +1 long sword of protection (weapon)
Missiles
 d - 76 bolts
 s - 5 boomerangs (quivered)
 z - 2 javelins
Armour
 k - a +0 plate armour (worn)
 m - a +0 pair of gloves (worn)
 v - a +0 cloak
 C - a +2 cloak of magic resistance (worn)
 J - a +0 kite shield (worn)
Jewellery
 y - a ring of ice (left hand)
Wands
 b - a wand of acid (5)
 o - a wand of iceblast (7)
 A - a wand of polymorph (11)
 E - a wand of random effects (4)
Scrolls
 e - 2 scrolls of immolation
 i - 3 scrolls of amnesia
 l - a scroll of magic mapping {unknown}
 r - a scroll of remove curse
 u - a scroll of fog {unknown}
 w - 3 scrolls of teleportation
 F - a scroll of enchant armour {unknown}
Potions
 h - a potion of brilliance {unknown}
 j - a potion of might {unknown}
 p - 2 potions of haste
 x - 2 potions of resistance {unknown}
 G - 3 potions of curing {unknown}
 H - a potion of cancellation {unknown}
 I - 2 potions of magic
Comestibles
 f - 18 rations


   Skills:
 * Level 9.2 Fighting
 + Level 2.0(3.9) Short Blades
 + Level 5.7(5.9) Long Blades
 + Level 8.2 Crossbows
 + Level 0.9 Throwing
 * Level 7.0 Armour
 + Level 2.5 Dodging
 + Level 0.9 Stealth
 + Level 1.5 Shields
 * Level 3.1 Invocations


You had 8 spell levels left.
You didn't know any spells.
Your spell library contained the following spells:

 Spells                   Type           Power        Failure   Level  Hunger
 Magic Dart               Conj           #...         100%        1    ##.....
 Blink                    Tloc           N/A          100%        2    ###....
 Call Imp                 Summ           #.......     100%        2    ###....
 Slow                     Hex            #.......     100%        2    ###....
 Conjure Flame            Conj/Fire      #.......     100%        3    ####...
 Mephitic Cloud           Conj/Pois/Air  #.......     100%        3    ####...


Dungeon Overview and Level Annotations

Branches:
Dungeon (7/15)             Temple (1/1) D:5

Altars:
Ashenzari
Cheibriados
Dithmenos
Elyvilon
Fedhas
Gozag
Hepliaklqana
Kikubaaqudgha
Makhleb
Nemelex Xobeh
Okawaru
Qazlal
Ru
Sif Muna
Trog
Uskayaw
Vehumet
Wu Jian
Xom
Yredelemnul
Zin
The Shining One

Shops:
D:5 (   D:6 %

Annotations:
D:7 2 transporters, AvylaarBelgium's ghost, amateur DEFE; Maggie


Innate Abilities, Weirdness & Mutations

You reflexively headbutt those who attack you in melee.
You have a pair of horns on your head.
You are clumsy. (Dex -2)
You are weak. (Str -2)
[You are very frail. (-20% HP)]


Message History

Orders for allies: a - Attack new target. r - Retreat! s - Stop attacking. g - Guard the area. f - Follow me.
Anything else - Cancel.
Okay, then.
As you read the scroll of teleportation, it crumbles to dust.
You feel strangely unstable.
You feel the power of the Abyss delaying your translocation!
Something hits you but does no damage. Something hits you but does no damage.
Something hits you.
* * * LOW HITPOINT WARNING * * *
You hit something.
Your weapon exudes an aura of protection.
Your headbutt misses something. Something hits you but does no damage.
You hit something.
Something hits you but does no damage. x3
You hit something. You headbutt something. You block something's attack.
Something hits you but does no damage. x2
You miss something. Something hits you but does no damage.
You block something's attack. The large abomination hits you!!
You die...

# # ....#
.# #.
..##...#.
# .#
.#.....#
#..#..#.
..
#..#....#
#
####..##.
###*.# ..
#{X#.# .
##@#..#
###. # .#
##


You could see a wretched star and a large abomination.

Vanquished Creatures
  Pikel (D:5)
  Prince Ribbit (D:5)
  A spriggan (D:7)
  Menkaure (D:7)
  Edmund (D:6)
  2 water moccasins
  An ice beast (D:5)
  A sky beast (D:7)
  4 ogres
  3 centaurs
  A scorpion (D:6)
  2 crimson imps (D:5)
  A howler monkey (D:6)
  A centaur zombie (D:7)
  3 hounds
  2 orc priests
  A jelly (D:5)
  6 orc wizards
  Crazy Yiuf (D:4)
  An iguana (D:5)
  Natasha (D:4)
  3 worker ants
  A hound skeleton (D:7)
  A worker ant zombie (D:7)
  Robin (D:4)
  12 adders
  A shadow imp (D:7)
  2 oozes
  An adder zombie (D:7)
  2 adder skeletons
  2 worms
  4 leopard geckos
  20 orcs
  3 ball pythons
  11 bats
  4 giant cockroaches
  11 goblins
  10 hobgoblins
  9 jackals
  8 kobolds
  4 quokkas
  9 frilled lizards
  2 leopard gecko skeletons (D:7)
  A quokka skeleton (D:7)
  6 rats
164 creatures vanquished.

Vanquished Creatures (others)
  A leopard gecko (D:5)
1 creature vanquished.

Grand Total: 165 creatures vanquished

Notes
Turn   | Place    | Note
-------+----------+-------------------------------------------
     0 | D:1      | Elvor the Minotaur Hunter began the quest for the Orb.
     0 | D:1      | Reached XP level 1. HP: 18/18 MP: 0/0
   420 | D:1      | Reached XP level 2. HP: 25/25 MP: 1/1
   613 | D:2      | Reached skill level 3 in Fighting
   710 | D:2      | Reached XP level 3. HP: 31/31 MP: 2/2
   728 | D:2      | Reached skill level 5 in Crossbows
   929 | D:2      | Reached skill level 1 in Short Blades
  1119 | D:2      | Reached XP level 4. HP: 38/40 MP: 3/3
  1164 | D:2      | Found a shimmering altar of Xom.
  1219 | D:2      | Reached skill level 4 in Fighting
  1441 | D:3      | Reached skill level 1 in Armour
  1505 | D:3      | Found a stormy altar of Qazlal.
  1510 | D:3      | Found a hazy altar of Hepliaklqana.
  1513 | D:3      | Found a blossoming altar of Fedhas.
  1514 | D:3      | Found a hide-covered altar of Uskayaw.
  1611 | D:3      | Reached XP level 5. HP: 42/47 MP: 4/4
  1772 | D:3      | Found a basalt altar of Yredelemnul.
  2135 | D:3      | Found an ornate altar of the Wu Jian Council.
  2459 | D:4      | Noticed Robin
  2487 | D:4      | Killed Robin
  2487 | D:4      | Reached skill level 5 in Fighting
  2524 | D:4      | Reached XP level 6. HP: 50/56 MP: 5/5
  2565 | D:4      | Reached skill level 1 in Long Blades
  3101 | D:4      | HP: 1/56 [centaur (3)]
  3171 | D:4      | Found a runed translucent door.
  3172 | D:4      | Noticed Crazy Yiuf
  3325 | D:4      | Noticed Natasha
  3327 | D:4      | Killed Natasha
  3477 | D:4      | Killed Crazy Yiuf
  3697 | D:5      | Entered Level 5 of the Dungeon
  3715 | D:5      | Reached XP level 7. HP: 57/62 MP: 6/6
  3806 | D:5      | Reached skill level 6 in Fighting
  3828 | D:5      | Found a staircase to the Ecumenical Temple.
  3835 | Temple   | Entered the Ecumenical Temple
  3842 | Temple   | Became a worshipper of Warmaster Okawaru
  4113 | D:5      | Found Gaetzafe's Weapon Shoppe.
  4142 | D:5      | Noticed Pikel
  4163 | D:5      | Killed Pikel
  4163 | D:5      | Reached * piety under Okawaru
  4163 | D:5      | Reached ** piety under Okawaru
  4163 | D:5      | Reached skill level 7 in Fighting
  4163 | D:5      | Reached XP level 8. HP: 28/73 MP: 7/7
  4211 | D:5      | Noticed Prince Ribbit
  4235 | D:5      | Killed Prince Ribbit
  4410 | D:5      | Reached skill level 8 in Fighting
  4410 | D:5      | Reached skill level 5 in Armour
  4909 | D:6      | Reached skill level 5 in Long Blades
  4937 | D:6      | Reached skill level 1 in Invocations
  4964 | D:6      | Found a snail-covered altar of Cheibriados.
  5031 | D:6      | Reached *** piety under Okawaru
  5069 | D:6      | Got an iridescent hunting sling
  5108 | D:6      | Reached XP level 9. HP: 73/82 MP: 7/9
  5499 | D:6      | Found Utroeno's Food Emporium.
  5499 | D:6      | Noticed Edmund
  5520 | D:6      | Killed Edmund
  5786 | D:7      | Reached skill level 9 in Fighting
  5786 | D:7      | Reached skill level 1 in Shields
  5839 | D:7      | Found a transporter.
  5839 | D:7      | Noticed AvylaarBelgium's ghost (amateur DEFE)
  5852 | D:7      | Noticed Menkaure
  5856 | D:7      | Killed Menkaure
  5856 | D:7      | Reached **** piety under Okawaru
  5894 | D:7      | Found a transporter.
  6014 | D:7      | Noticed Maggie
  6169 | D:7      | Cast into level 2 of the Abyss (Maggie)
  6169 | Abyss:2  | Found a corrupted altar of Lugonu.
  6239 | Abyss:2  | Noticed a wretched star
  6241 | Abyss:2  | Gained mutation: You are weak. (Str -2) [a neqoxec]
  6246 | Abyss:2  | Gained mutation: You are clumsy. (Dex -2) [a neqoxec]
  6249 | Abyss:2  | Noticed an apocalypse crab
  6278 | Abyss:2  | Demolished by a large abomination

Illustrated notes

Levels and vault maps discovered:
D:1:      dpeg_arrival_rooms_c, layout_basic
D:2:      layout_basic, xom_butterflies, first_ration
D:3:      layout_basic, old_standard_altar, lemuel_doored_altar, minitemple
D:4:      layout_loops_corners, uniq_robin, uniq_natasha,
          uniq_crazy_yiuf_cottage
D:5:      layout_cave_pods, minmay_temple_entry_nine_rooms, serial_shops,
          shop_statue, uniq_prince_ribbit1, uniq_pikel
D:6:      layout_basic, serial_shops, shop, basic_altar, uniq_edmund
D:7:      layout_rooms, gammafunk_ghost_stat_death, the_bakery,
          minmay_misc_feat_rugged, uniq_maggie, uniq_menkaure
Temple:   minmay_freezing_vapour_temple
Abyss:2:  base:
D:13

Skill      XL: |  1  2  3  4  5  6  7  8  9 |
---------------+----------------------------+-----
Fighting       | 3 4 5 7 8 9 |  9.2
Crossbows      | 5 6 7 8 |  8.2
Short Blades   | 1 2 |  2.0
Armour         | 1 2 4 5 7 |  7.0
Long Blades    | 3 4 5 |  5.7
Invocations    | 1 3 |  3.1
Shields        | 1 |  1.5
Throwing       | |  0.9
Dodging        | |  2.5
Stealth        | |  0.9

Action                   |  1- 3 |  4- 6 |  7- 9 || total
-------------------------+-------+-------+-------++-------
Melee: Short sword       |    28 |    26 |       ||    54
       Headbutt          |     4 |    12 |    36 ||    52
       Long sword        |       |    99 |   173 ||   272
       Unarmed           |       |     3 |       ||     3
 Fire: Hand crossbow     |    41 |    86 |   134 ||   261
Throw: Boomerang         |       |       |    12 ||    12
Invok: Heroism           |       |       |     1 ||     1
  Use: Scroll            |       |     5 |     4 ||     9
       Potion            |       |       |     2 ||     2
 Stab: Sleeping          |       |     1 |       ||     1
  Eat: Chunk             |     1 |     4 |     2 ||     7
       Ration            |       |     1 |     2 ||     3
Armor: Leather armour    |     8 |     9 |       ||    17
       Plate armour      |       |    79 |   149 ||   228
Dodge: Dodged            |    18 |    76 |    22 ||   116
Block: Kite shield       |       |       |    56 ||    56
       Rpst.: Long sword |       |    15 |     8 ||    23
